 Dungeon Crawl Stone Soup version 0.29.1-15-g9cfb28693d (webtiles) character file.

Game seed: 4099685444514810569

44 pokedragonboy the Insei (level 4, -3/35 HPs)
             Began as a Meteoran Transmuter on Mar 10, 2023.
             Succumbed to a water moccasin's poison
             ... on level 3 of the Dungeon.
             The game lasted 00:03:41 (1178 turns).

pokedragonboy the Insei (Meteoran Transmuter)       Turns: 1178, Time: 00:03:41

Health: -3/35      AC:  2    Str: 12    XL:     4   Next: 8%
Magic:  6/9        EV: 12    Int: 16    God:
Gold:   49         SH:  0    Dex: 14    Spells: 3/9 levels left

rFire   . . .      SeeInvis .     - Unarmed
rCold   . . .      Faith    .   (no shield)
rNeg    . . .      Spirit   .   a - +0 robe
rPois   .          Reflect  .   (helmet currently unavailable)
rElec   .          Harm     .   (no cloak)
rCorr   .          Rampage  .   (no gloves)
Will    .....                   (boots currently unavailable)
Stlth   +.........              (no amulet)
HPRegen 0.11/turn               (no ring)
MPRegen 0.11/turn               (no ring)

@: lethally poisoned (-3 -> -29), appendages, wereblooded, glowing
A: horns 2, talons 2, sense surroundings 1, otherworldly, glowing, explore regen
a: End Transformation


You were on level 3 of the Dungeon.
You had temporarily grown beastly horns and talons.
You visited 1 branch of the dungeon, and saw 3 of its levels.

You collected 49 gold pieces.

Inventory:

Armour
 a - a +0 robe (worn)
Jewellery
 g - a ring of fire
Scrolls
 d - 9 scrolls of identify {unknown}
 e - a scroll of enchant armour {unknown}
 f - a scroll of noise {unknown}
 i - 2 scrolls of butterflies {unknown}
Potions
 b - a potion of lignification
 c - 2 potions of heal wounds {unknown}
 h - a potion of mutation {unknown}
 j - a potion of haste {unknown}


   Skills:
 + Level 1.5 Fighting
 + Level 2.8 Dodging
 * Level 4.2 Unarmed Combat
 + Level 3.1 Spellcasting
 * Level 3.2 Transmutations


You had 3 spell levels left.
You knew the following spells:

 Your Spells              Type           Power      Damage    Failure   Level
a - Beastly Appendage     Tmut           24%        N/A       4%          1
b - Wereblood             Tmut           12%        N/A       8%          2
c - Spider Form           Tmut/Pois      7%         N/A       28%         3

Your spell library contained the following spells:

 Spells                   Type           Power      Damage    Failure   Level
 Ice Form                 Ice/Tmut       7%         N/A       67%         4


Dungeon Overview and Level Annotations

Branches:
Dungeon (3/15) Zot: 627

Altars:


Innate Abilities, Weirdness & Mutations

You have temporarily grown beastly horns and talons.
You passively map a small area around you.
You are easily found by Zot.
You glow in the dark.
You regain HP and MP as you explore.


Message History

The water moccasin is lightly wounded.
The water moccasin barely misses you.
You punch the water moccasin!
The water moccasin is moderately wounded.
The water moccasin completely misses you.
The water moccasin closely misses you.
You miss the water moccasin. Your kick misses the water moccasin.
Your headbutt misses the water moccasin.
The water moccasin is moderately wounded.
The water moccasin misses you.
Okay, then.
Casting: Beastly Appendage (safe; 4% risk of failure)
Confirm with . or Enter, or press ? or * to list all spells.
Your blood is infused with primal strength.
The water moccasin bites you.
You are poisoned.
The water moccasin poisons you!
You closely miss the water moccasin.
The water moccasin is moderately wounded.
You feel very sick. The water moccasin bites you!
You are more poisoned.
The water moccasin poisons you! The water moccasin bites you.
You closely miss the water moccasin. Your kick misses the water moccasin.
Your headbutt misses the water moccasin.
The water moccasin is moderately wounded.
You feel very sick. The water moccasin bites you.
You closely miss the water moccasin. You claw the water moccasin.
The water moccasin is moderately wounded.
* * * LOW HITPOINT WARNING * * *
You feel very sick. The water moccasin bites you!
* * * LOW HITPOINT WARNING * * *
You are more poisoned.
The water moccasin poisons you!
Okay, then.
You barely miss the water moccasin.
The water moccasin is moderately wounded.
You die...

, * * * ,* ,*
#### * , ,,
#.., , , ,,
#.#* * **,*
#@###########
#S..........#
*
#.†..######.#
*
#..<........#
*
#.#.########
#.#.. <
#.#### * * *
... , , ...
** *


You could see a water moccasin.

Vanquished Creatures
  An adder (D:2)
  A dart slug (D:3)
  2 ball pythons (D:2)
  3 endoplasms
  3 giant cockroaches
  5 goblins
  5 hobgoblins
  2 kobolds
  A quokka (D:2)
  A bat (D:2)
  4 frilled lizards
  A rat (D:1)
29 creatures vanquished.

Notes
Turn   | Place    | Note
-------+----------+-------------------------------------------
     0 | D:1      | pokedragonboy the Meteoran Transmuter began the quest for
                  | the Orb.
     0 | D:1      | Reached XP level 1. HP: 16/16 MP: 5/5
    83 | D:1      | Reached XP level 2. HP: 21/23 MP: 6/6
   501 | D:1      | Glimpsed the power of Zot.
   567 | D:2      | Reached skill level 4 in Unarmed Combat
   567 | D:2      | Reached XP level 3. HP: 16/28 MP: 8/8
   693 | D:2      | Learned a level 2 spell: Wereblood
   697 | D:2      | Learned a level 3 spell: Spider Form
   730 | D:2      | Found a faded altar of an unknown god.
   789 | D:2      | Reached XP level 4. HP: 35/35 MP: 7/9
  1104 | D:2      | Glimpsed the power of Zot.
  1167 | D:3      | Noticed a water moccasin
  1177 | D:3      | HP: 1/35 [water moccasin (7)]
  1178 | D:3      | Succumbed to a water moccasin's poison

Illustrated notes

Levels and vault maps discovered:
D:1:      elethiomel_arrival_maze, layout_basic, serial_aquarium,
          aquarium_bridge_square [aquarium_subvault_balcony,
          aquarium_subvault_wall, aquarium_subvault_bridge,
          aquarium_subvault_wall], aquarium_bridge_long_joined
          [aquarium_subvault_bridge, aquarium_subvault_window,
          aquarium_subvault_bridge, aquarium_subvault_wall,
          aquarium_subvault_bridge, aquarium_subvault_wall],
          aquarium_window_corner, aquarium_window_2, aquarium_view_2e,
          aquarium_pool_corner
D:2:      layout_basic, basic_ecumenical_altar, st_stairs_11
D:3:      layout_basic, mainiacjoe_overflow_six_doors_small,
          cheibrodos_sewer_entry_bend, uniq_sigmund

Skill      XL: |  1  2  3 |
---------------+----------+-----
Unarmed Combat | 4 |  4.2
Transmutations | 3 |  3.2
Spellcasting   | 3 |  3.1
Fighting       | |  1.5
Dodging        | |  2.8

Action                   |  1- 3 |  4- 6 || total
-------------------------+-------+-------++-------
Melee: Unarmed           |    58 |    10 ||    68
       Kick              |    14 |     1 ||    15
       Headbutt          |     4 |     1 ||     5
       Punch             |     2 |       ||     2
 Cast: Beastly Appendage |    17 |     3 ||    20
       Wereblood         |       |     1 ||     1
Armor: Robe              |    12 |       ||    12
Dodge: Dodged            |    23 |     5 ||    28
